Map: Terraform LE (Void)

Players

YachtMaster - Winner!

  • Race: Protoss Protoss
  • League: Silver

Remo

  • Race: Terran Terran
  • League: Gold

VOD

Have the link to the VOD?

Description

Time

  • Played on: Oct. 23, 2015, 11:01 p.m.
  • Length: 15:22
Show
View Real Time Build Order
Export as new Build Order

YachtMaster Protoss - Winner!

Build Orders: 1 Gate Expand 

Get SALT Encoding   

  12  0:01  Probe (Chrono Boost)  
  13  0:11  Probe (Chrono Boost)  
  14  0:19  Pylon  
  14  0:22  Probe (Chrono Boost)  
  15  0:37  Probe (Chrono Boost)  
  15  0:38  Gateway  
  16  0:47  Assimilator  
  16  0:48  Probe (Chrono Boost)  
  17  0:58  Probe (Chrono Boost)  
  18  1:09  Probe (Chrono Boost)  
  19  1:19  Probe (Chrono Boost)  
  20  1:26  Cybernetics Core  
  20  1:37  Nexus  
  19  1:47  Probe (Chrono Boost)  
  19  1:53  Assimilator  
  20  1:58  Probe (Chrono Boost)  
  21  2:05  Pylon  
  21  2:09  Mothership Core (Chrono Boost)  
  23  2:23  Stalker  
  23  2:25  Warp Gate  
  23  2:27  Probe (Chrono Boost)  
  26  2:38  Probe (Chrono Boost)  
  27  2:48  Probe (Chrono Boost)  
  28  2:53  Stalker  
  30  2:58  Probe (Chrono Boost)  
  30  2:59  Probe (Chrono Boost)  
  30  3:05  Pylon  
  32  3:09  Probe (Chrono Boost)  
  33  3:15  Gateway x2  
  33  3:19  Gateway  
  33  3:30  Probe x2 (Chrono Boost)  
  35  3:41  Probe (Chrono Boost)  
  36  3:43  Probe (Chrono Boost)  
  37  3:49  Gateway  
  37  3:51  Probe (Chrono Boost)  
  37  3:52  Gateway  
  38  3:56  Gateway  
  38  4:00  Probe (Chrono Boost)  
  38  4:02  Probe (Chrono Boost)  
  40  4:07  Pylon  
  40  4:08  Pylon  
  40  4:27  Probe (Chrono Boost)  
  40  4:28  Probe (Chrono Boost)  
  42  4:38  Probe (Chrono Boost)  
  43  4:40  Stalker x4  
  43  4:45  Probe (Chrono Boost)  
  52  4:49  Probe (Chrono Boost)  
  53  4:54  Stalker x3  
  53  4:55  Probe (Chrono Boost)  
  60  5:01  Probe (Chrono Boost)  
  60  5:06  Probe (Chrono Boost)  
  62  5:08  Pylon  
  62  5:16  Pylon  
  62  5:21  Stalker x3  
  68  5:22  Stalker  
  68  5:27  Stalker  
  68  5:28  Sentry  
  74  5:29  Sentry  
  76  5:40  Pylon  
  72  5:49  Stalker x4  
  80  5:51  Zealot  
  82  6:04  Zealot x2  
  84  6:23  Stalker x2  
  84  6:24  Stalker, Zealot x3  
  84  6:25  Zealot  
  60  6:55  Sentry x2  
  60  6:56  Zealot x5  
  64  7:16  Stalker  
  64  7:17  Stalker x3  
  64  7:18  Zealot x3  
  72  7:36  Nexus  
  70  7:37  Pylon  
  70  7:39  Pylon  
  68  7:52  Stalker x3  
  68  7:54  Zealot x4  
  82  7:59  Probe x2 (Chrono Boost)  
  82  8:01  Assimilator  
  82  8:05  Assimilator  
  84  8:10  Probe (Chrono Boost)  
  57  8:27  Stalker x3  
  57  8:28  Stalker  
  57  8:29  Zealot x3  
  57  8:30  Probe x2 (Chrono Boost)  
  73  8:41  Probe x2 (Chrono Boost)  
  75  8:44  Pylon  
  75  8:46  Pylon  
  75  8:53  Twilight Council  
  75  8:58  Sentry x2  
  75  9:00  Zealot x3  
  85  9:08  Probe x3 (Chrono Boost)  
  88  9:12  Sentry  
  88  9:14  Zealot  
  92  9:18  Probe (Chrono Boost)  
  93  9:34  Probe x3 (Chrono Boost)  
  93  9:36  Stalker x3  
  93  9:37  Zealot  
  104  9:46  Templar Archives  
  104  9:51  Pylon  
  104  9:53  Pylon  
  104  9:57  Charge (Chrono Boost)  
  104  10:06  Stalker x2  
  108  10:11  Stalker  
  108  10:13  Zealot x2  
  114  10:16  Zealot  
  116  10:22  Probe, Zealot  
  116  10:23  Probe  
  116  10:24  Probe  
  121  10:29  Psionic Storm  
  121  10:36  Probe  
  108  10:58  Robotics Facility  
  108  11:02  High Templar  
  110  11:07  Zealot x2  
  110  11:08  Zealot x4  
  122  11:11  Assimilator  
  122  11:13  Assimilator  
  122  11:16  Pylon  
  122  11:18  Pylon  
  122  11:25  Probe  
  122  11:26  Probe  
  122  11:27  Probe  
  122  11:29  High Templar x2  
  129  11:45  Nexus  
  129  11:46  Pylon x2  
  129  11:48  Pylon, High Templar x2  
  129  11:49  Zealot x2  
  129  11:51  Zealot  
  139  11:54  Observer  
  140  12:15  Pylon  
  140  12:16  Observer  
  140  12:17  Pylon  
  141  12:27  Zealot  
  141  12:28  Zealot x4  
  141  12:29  Zealot x2  
  138  12:54  Stalker x2  
  138  12:55  Zealot x5  
  145  13:05  Probe  
  143  13:06  Probe  
  145  13:15  Gateway  
  145  13:17  Gateway  
  145  13:19  Gateway  
  145  13:25  Gateway  
  145  13:37  Zealot x3  
  145  13:38  Zealot x3  
  145  13:39  High Templar  
  159  13:50  Gateway  
  159  14:15  High Templar  
  159  14:16  Zealot, High Templar x3  
  159  14:17  Zealot x2  
  141  14:40  Archon  
  127  14:46  High Templar x4  
  127  14:50  Stalker, Zealot x3  
  127  14:51  Zealot x2  
  137  15:02  Stalker  
  137  15:03  Stalker  
Show
View Real Time Build Order
Export as new Build Order

Remo Terran 

Build Orders: Reaper Expand, MMM Bio 

Get SALT Encoding   

  12  0:00  SCV  
  13  0:13  SCV  
  14  0:17  Supply Depot  
  14  0:25  SCV  
  15  0:39  SCV  
  15  0:41  Barracks  
  16  0:45  Refinery  
  16  0:53  Supply Depot  
  16  0:57  SCV  
  17  1:09  SCV  
  18  1:21  SCV  
  19  1:35  Orbital Command  
  19  1:45  Reaper  
  20  1:58  Command Center  
  20  2:02  SCV  
  21  2:14  SCV  
  22  2:16  Barracks  
  22  2:21  Barracks  
  22  2:31  Barracks Reactor  
  22  2:32  SCV  
  23  2:44  SCV  
  24  2:56  SCV  
  25  3:04  Barracks Tech Lab  
  25  3:08  Marine x2  
  25  3:09  Marine  
  25  3:10  SCV  
  25  3:11  Orbital Command  
  29  3:16  Supply Depot  
  29  3:29  SCV  
  29  3:30  Barracks Tech Lab, Stimpack  
  29  3:31  Marine x3  
  33  3:45  SCV x2  
  35  3:49  Marine  
  35  3:50  Marine x3  
  39  3:55  Combat Shields  
  39  3:58  SCV  
  39  3:59  Supply Depot  
  39  4:01  Orbital Command  
  40  4:07  Marine x2  
  40  4:08  Marine x2  
  44  4:10  SCV  
  44  4:14  Supply Depot  
  44  4:25  Marine  
  44  4:27  Marine x3  
  44  4:29  SCV x2  
  50  4:42  SCV x2  
  50  4:43  Marine  
  50  4:44  Marine  
  54  4:51  Factory  
  54  4:52  Supply Depot  
  54  4:53  Marine x2  
  54  4:54  SCV x2  
  54  4:55  Command Center  
  58  5:06  SCV  
  59  5:11  Marine x2  
  59  5:13  Marauder  
  63  5:14  SCV, Barracks x2  
  63  5:18  Marauder  
  66  5:25  Refinery  
  66  5:28  Supply Depot x2  
  66  5:36  Marine  
  66  5:37  Marine x2  
  66  5:38  Starport  
  59  5:47  Marauder  
  59  5:49  SCV  
  60  5:50  SCV  
  60  5:54  Marine x2  
  60  5:55  Marauder  
  65  5:59  Widow Mine  
  65  6:06  Bunker  
  65  6:09  Marauder  
  63  6:12  Marine  
  63  6:19  Marine x2  
  63  6:20  Marauder, Marine  
  57  6:30  Marauder, Marine  
  44  6:41  Marine x3  
  44  6:42  Marauder  
  44  6:51  Marauder, Marine  
  47  6:59  Marine  
  47  7:00  Marine  
  45  7:09  Marine  
  44  7:20  Marine  
  44  7:21  Marauder  
  46  7:28  Orbital Command  
  46  7:32  Medivac  
  46  7:34  Concussive Shells  
  46  7:35  Widow Mine  
  47  7:48  Marine x2  
  47  7:49  Marauder x2  
  49  7:57  Marine  
  50  8:02  Medivac  
  35  8:23  Marine x2  
  35  8:24  Marauder  
  36  8:36  Medivac  
  36  8:41  Widow Mine  
  38  8:43  SCV  
  38  8:44  SCV  
  42  8:49  SCV  
  42  8:53  Marine  
  42  8:55  Marine  
  44  8:56  Marine  
  46  9:05  SCV x3  
  46  9:09  Medivac  
  51  9:13  Marine  
  51  9:16  Widow Mine  
  54  9:27  Marauder, Marine x3  
  54  9:30  Marine  
  59  9:35  Bunker  
  59  9:37  SCV  
  60  9:39  SCV  
  60  9:44  Widow Mine  
  63  9:48  Marine x2  
  63  9:49  Marine x2  
  67  9:57  Marine  
  68  10:06  Marine  
  69  10:07  Medivac, Marauder  
  69  10:12  SCV x3  
  76  10:19  Widow Mine  
  76  10:20  Marine  
  76  10:21  Marine  
  80  10:22  Marine  
  80  10:24  SCV x2  
  70  10:45  Marauder x2, Marine x3  
  68  10:56  SCV  
  69  11:02  Marine  
  69  11:03  Marine x2  
  72  11:07  Marauder x2  
  74  11:20  SCV, Marine x2  
  74  11:21  Marine  
  78  11:28  Marauder x2  
  78  11:32  Medivac  
  74  11:33  SCV x2  
  74  11:35  Widow Mine  
  74  11:38  Marine x2  
  80  11:44  Engineering Bay  
  80  11:45  SCV  
  80  11:46  SCV  
  82  11:47  Engineering Bay  
  82  11:48  Orbital Command  
  82  11:49  Marauder  
  82  11:50  Marauder  
  86  11:58  Marine x3  
  89  12:01  Medivac  
  89  12:04  Widow Mine  
  89  12:05  SCV x2  
  95  12:10  Marine  
  96  12:16  Refinery  
  96  12:17  SCV x3, Refinery  
  96  12:18  Marine x2  
  96  12:19  Marine  
  102  12:29  SCV x2  
  104  12:31  Medivac  
  104  12:32  Widow Mine  
  105  12:44  Marine  
  105  12:45  Marauder, Marine  
  109  12:53  Marine  
  108  13:02  Marauder, Marine  
  108  13:04  Marine  
  109  13:13  Marauder, SCV x3, Marine, Widow Mine  
  117  13:25  Supply Depot  
  117  13:26  Terran Infantry Weapons Level 1, Supply Depot x2, Terran Infantry Armor Level 1  
  117  13:31  Starport Reactor  
  117  13:32  Armory  
  117  13:47  Marauder x2, Supply Depot, Marine x3, SCV x3, Widow Mine  
  129  13:49  Supply Depot  
  114  14:04  Marine x3  
  114  14:09  Marauder x2  
  116  14:22  Marine x3  
  111  14:30  Marauder x2  
  50  14:40  Marine x3  
  43  14:51  Marauder  
  43  14:52  Marauder  
  40  14:53  SCV x2  
  40  14:58  Marine x3  
Tags
 
Add a new tag
Caveats
  • Supply blocks, unpowered buildings, or Contaminate may cause inaccurate times.
  • Supply counts are checked every 10 seconds.